Map: Prion Terraces

Players

YTTTY

  • Race: Protoss Protoss
  • League: Platinum

LilDicky - Winner!

  • Race: Terran Terran
  • League: Diamond

VOD

http://www.twitch.tv/tumescentpie

Description

Time

  • Played on: Nov. 27, 2015, 9:39 p.m.
  • Length: 8:09
Show
View Real Time Build Order
Export as new Build Order

YTTTY Protoss 

Build Orders:  

Get SALT Encoding   

  12  0:01  Probe (Chrono Boost)  
  13  0:12  Probe (Chrono Boost)  
  14  0:22  Probe (Chrono Boost), Pylon  
  15  0:31  Assimilator  
  15  0:40  Probe (Chrono Boost)  
  16  0:43  Gateway  
  16  0:51  Probe (Chrono Boost)  
  17  1:01  Probe (Chrono Boost)  
  18  1:12  Probe (Chrono Boost)  
  19  1:21  Pylon  
  19  1:22  Probe (Chrono Boost)  
  20  1:30  Cybernetics Core  
  20  1:33  Probe (Chrono Boost)  
  21  1:43  Probe (Chrono Boost)  
  22  1:50  Assimilator  
  22  1:55  Probe (Chrono Boost)  
  23  2:07  Mothership Core (Chrono Boost), Warp Gate  
  25  2:19  Adept  
  27  2:30  Nexus  
  27  2:45  Probe (Chrono Boost)  
  28  2:55  Robotics Facility  
  28  2:59  Gateway  
  28  3:00  Probe (Chrono Boost)  
  28  3:03  Gateway  
  29  3:10  Probe (Chrono Boost)  
  30  3:17  Pylon  
  30  3:21  Probe (Chrono Boost)  
  30  3:27  Pylon  
  31  3:35  Probe (Chrono Boost)  
  32  3:46  Probe (Chrono Boost)  
  33  3:53  Warp Prism  
  35  3:57  Probe x2 (Chrono Boost)  
  37  4:07  Probe (Chrono Boost)  
  38  4:10  Adept  
  38  4:11  Adept  
  38  4:12  Adept  
  44  4:21  Pylon  
  44  4:22  Pylon  
  44  4:24  Pylon  
  44  4:27  Probe (Chrono Boost)  
  44  4:28  Probe (Chrono Boost)  
  46  4:32  Observer  
  46  4:35  Twilight Council  
  46  4:38  Probe x2 (Chrono Boost)  
  49  4:48  Probe (Chrono Boost)  
  49  4:49  Probe (Chrono Boost)  
  51  4:56  Assimilator  
  51  4:57  Sentry x2  
  51  4:59  Probe x2 (Chrono Boost), Observer  
  58  5:01  Assimilator  
  58  5:17  Stalker  
  60  5:28  Stalker x2  
  62  5:50  Stalker  
  60  6:01  Stalker x2  
  40  6:59  Pylon x2  
  36  7:03  Pylon  
  36  7:05  Pylon  
  32  7:37  Pylon  
  32  7:41  Cybernetics Core  
Show
View Real Time Build Order
Export as new Build Order

LilDicky Terran - Winner!

Build Orders: MMM Bio 

Get SALT Encoding   

  12  0:05  SCV  
  13  0:17  SCV  
  13  0:20  Supply Depot  
  14  0:31  SCV  
  15  0:43  SCV  
  15  0:45  Barracks  
  16  0:50  Refinery  
  16  0:54  Refinery  
  16  0:57  SCV  
  17  1:08  Refinery  
  17  1:12  SCV  
  18  1:24  Supply Depot  
  18  1:28  SCV  
  18  1:29  Refinery  
  18  1:32  Marine  
  21  1:49  Orbital Command  
  20  1:55  Factory  
  20  1:56  Marine  
  20  2:17  Barracks x2  
  20  2:23  Barracks Reactor  
  20  2:30  SCV  
  21  2:40  Factory  
  21  2:42  SCV  
  22  2:55  SCV  
  23  3:05  Barracks Tech Lab x2  
  23  3:07  SCV  
  23  3:12  Supply Depot  
  24  3:14  Marine x2  
  26  3:24  SCV  
  26  3:26  Factory Reactor  
  27  3:27  Starport  
  27  3:31  Stimpack, Marine x3  
  30  3:39  SCV  
  31  3:45  Marine  
  32  3:49  Marine x3  
  32  3:51  Combat Shields  
  35  3:57  SCV  
  35  4:00  Supply Depot  
  36  4:03  Marine  
  36  4:08  Marauder  
  39  4:22  SCV, Marine x3  
  45  4:27  Medivac  
  45  4:28  Medivac  
  47  4:47  Supply Depot  
  47  4:52  Liberator  
  47  5:00  Command Center  
  47  5:09  Marauder  
  48  5:25  Orbital Command  
  48  5:27  Widow Mine  
  46  6:10  Marine x4  
  44  6:27  Marine  
  44  6:28  Marine x2  
  47  6:42  Marine  
  47  6:45  Marine x2  
  47  6:46  Marine  
  51  7:15  Marine x2  
  53  7:18  Marine x2  
  52  7:33  Marine x2  
  52  7:36  Marine x2  
  56  7:50  Marine  
  56  7:51  Marine  
Tags
 
Add a new tag
Caveats
  • Supply blocks, unpowered buildings, or Contaminate may cause inaccurate times.
  • Supply counts are checked every 10 seconds.